 Dungeon Crawl Stone Soup version 0.24.0-13-gcf9b3192b9 (webtiles) character file.

Game seed: 12478380999558335497, levelgen mode: deterministic

11 Monsterracer the Skirmisher (level 2, -4/25 HPs)
             Began as a Barachi Chaos Knight on Nov 5, 2019.
             Was a Plaything of Xom.
             Slain by a raiju (shapeshifter) (7 damage)
             ... on level 1 of the Dungeon.
             The game lasted 00:00:23 (315 turns).

Monsterracer the Skirmisher (Barachi Chaos Knight)   Turns: 315, Time: 00:00:23

Health: -4/25      AC:  5    Str: 13    XL:     2   Next: 29%
Magic:  2/2        EV: 11    Int: 12    God:    Xom [..*...]
Gold:   20         SH:  0    Dex: 11    Spells: 1/1 levels left

rFire    . . .     SeeInvis .   a - +0 mace (chaos)
rCold    . . .     Gourm    .   (no shield)
rNeg     . . .     Faith    .   b - +2 leather armour
rPois    .         Spirit   .   (no helmet)
rElec    .         Reflect  .   (no cloak)
rCorr    .         Harm     .   (no gloves)
MR       .....                  (no boots)
Stlth    +.........             (no amulet)
HPRegen  0.08/turn              (no ring)
MPRegen  0.08/turn              (no ring)

@: slow
A: +LOS, swims, slowness 1, strong legs 1
a: Hop, Renounce Religion


You were on level 1 of the Dungeon.
You worshipped Xom.
You were a toy of Xom.
You were not hungry.

You visited 1 branch of the dungeon, and saw 1 of its levels.

You collected 20 gold pieces.

Inventory:

Hand Weapons
 a - a +0 mace of chaos (weapon)
Armour
 b - a +2 leather armour (worn)
Comestibles
 c - 2 rations


   Skills:
 + Level 3.9 Fighting
 * Level 3.6 Maces & Flails
 - Level 2.6 Armour
 - Level 1.3 Dodging


You had one spell level left.
You didn't know any spells.
Your spell library was empty.

Dungeon Overview and Level Annotations

Branches:
Dungeon (1/15)

Altars:


Innate Abilities, Weirdness & Mutations

Shadows flee at your approach. (+LOS)
You can swim through water.
You cover ground slowly.
You can hop short distances.


Message History

A goblin is nearby!
You closely miss the goblin. The goblin barely misses you.
The goblin hits you with a +0 club.
A goblin is nearby!
You hit the goblin. You burn the goblin.
You kill the goblin!
You hear a splash. x2
No target in view!
Things that are here:
a +0 club; a +0 ring mail; a goblin corpse No target in view!
Found 15 sling bullets.
No target in view!
No target in view!
Found a short sword.
You now have 11 gold pieces.
Found 21 sling bullets.
No target in view!
A rat comes into view.
Found 9 gold pieces, a dagger and a ration.
A rat is nearby!
A rat is nearby!
The rat closely misses you. The rat misses you.
A rat is nearby!
You barely miss the rat.
The rat twitches its whiskers.
The rat bites you.
You hit the rat.
You kill the rat!
You now have 20 gold pieces (gained 9).
Xom grants you insight.
You detect creatures!
No target in view!
You see here a dagger.
c - 2 rations (gained 1)
You see here 15 sling bullets.
A rat comes into view.
A bat comes into view.
There are monsters nearby!
There are monsters nearby!
You barely miss the rat. The rat closely misses you.
There are monsters nearby!
You hit the rat. You burn the rat.
You kill the rat!
A bat is nearby!
You sock the bat!
You kill the bat!
No target in view!
No target in view!
No target in view!
No target in view!
Found a short sword.
No target in view!
No target in view!
No target in view!
No target in view!
No target in view!
There is a stone staircase leading down here.
A bat comes into view.
A bat is nearby!
A bat is nearby!
The bat hits you but does no damage.
You barely miss the bat. The bat hits you but does no damage. The bat hits you.
The bat hits you but does no damage.
No target in view!
No target in view!
The bat hits you but does no damage.
You hit the bat.
The bat changes into a shapeshifter!
Xom thinks this is hilarious!
The shapeshifter is moderately wounded.
The shapeshifter changes into a raiju!
You barely miss the raiju. You miss the raiju.
The raiju bursts into living lightning!
The living lightning hits you!
Ouch! That really hurt!
* * * LOW HITPOINT WARNING * * *
A shower of butterflies erupts from you!
The raiju blinks!
You are too injured to fight recklessly!
You are too injured to fight recklessly!
Unknown command.
A bat comes into view.
A bat comes into view.
The raiju bursts into living lightning!
The living lightning hits your butterfly!
Your butterfly dies!
The living lightning hits you.
* * * LOW HITPOINT WARNING * * *
The raiju blinks!
You hit the raiju but do no damage.
The raiju appears confused.
The bat hits you but does no damage. The bat closely misses you.
You barely miss the raiju. The bat hits you but does no damage.
The bat hits you.
* * * LOW HITPOINT WARNING * * *
The raiju bites you.
* * * LOW HITPOINT WARNING * * *
The raiju shocks you!
You die...
Xom chuckles heartily!

.###..### .. ..###...#
... ..#####>## #...
.........# ....
#..#...#.###########..#
##............##..b..##.
###..#.....^.)...#.b...
.......##......#...#
......>.......b.@.!#
####.#####.###..hb....#
####.## #...b.....#..#
......###(....##b.....#
.###)..............b...
)##.....#####......##...
.......## ..##...# ##..
......... ####...# .
.....#...# #...#


You could see a raiju shaped shifter (confused) and 2 bats.

Vanquished Creatures
  2 giant cockroaches (D:1)
  3 goblins (D:1)
  2 bats (D:1)
  A kobold (D:1)
  3 rats (D:1)
11 creatures vanquished.

Notes
Turn   | Place    | Note
-------+----------+-------------------------------------------
     0 | D:1      | Monsterracer the Barachi Chaos Knight began the quest for
                  | the Orb.
     0 | D:1      | Reached XP level 1. HP: 18/18 MP: 1/1
    25 | D:1      | Reached XP level 2. HP: 16/25 MP: 2/2
   259 | D:1      | XOM: divination: detect creatures
   309 | D:1      | Noticed a shapeshifter
   309 | D:1      | a bat changed into a shapeshifter
   309 | D:1      | Noticed a raiju
   309 | D:1      | a shapeshifter changed into a raiju
   311 | D:1      | HP: 11/25 [raiju (shapeshifter)/living lightning (14)]
   311 | D:1      | XOM: butterfly on damage
   313 | D:1      | HP: 5/25 [raiju (shapeshifter)/living lightning (6)]
   315 | D:1      | Slain by a raiju (shapeshifter)

Levels and vault maps discovered:
D:1:      lightli_arrival_boilingwater, layout_rooms

Action                   || total
-------------------------++-------
Melee: Mace              ||    30
 Stab: Paralysed         ||     2
Armor: Leather armour    ||    15
Dodge: Dodged            ||    17
